 Dungeon Crawl Stone Soup version 0.25.1-2-g60ff931df9 (webtiles) character file.

Game seed: 14898887313688509135

9444 hawla the Destroyer (level 11, -5/82 HPs)
             Began as a Green Draconian Conjurer on Nov 24, 2020.
             Was an Initiate of Vehumet.
             Slain by Urug
             ... wielding a +2 eveningstar of protection
              (21 damage)
             ... on level 10 of the Dungeon.
             The game lasted 00:41:38 (13108 turns).

hawla the Destroyer (Green Draconian Conjurer)     Turns: 13108, Time: 00:41:39

Health: -5/82      AC: 16    Str: 10    XL:     11   Next: 23%
Magic:  0/23       EV: 14    Int: 20    God:    Vehumet [......]
Gold:   608        SH:  0    Dex: 13    Spells: 14/27 levels left

rFire    . . .     SeeInvis .   p - +4 quarterstaff (chaos)
rCold    . . .     Gourm    .   (shield currently unavailable)
rNeg     . . .     Faith    .   (armour unavailable)
rPois    +         Spirit   .   (helmet restricted)
rElec    .         Reflect  .   j - +0 cloak
rCorr    .         Harm     .   (no gloves)
MR       .....                  c - +1 pair of boots
Stlth    ++........             a - amulet of regeneration
HPRegen  0.63/turn              (no ring)
MPRegen  0.18/turn              (no ring)

@: icy armour, about to teleport
A: breathe noxious fumes, unfitting armour, claws 1, clever 1, poison
resistance, wild magic 1, cold-blooded, AC +7
a: Breathe Noxious Fumes, Renounce Religion


You were on level 10 of the Dungeon.
You worshipped Vehumet.
Vehumet was noncommittal.
You were not hungry.

You visited 2 branches of the dungeon, and saw 12 of its levels.

You collected 608 gold pieces.

Inventory:

Hand Weapons
 p - a +4 quarterstaff of chaos (weapon)
 C - a +0 quarterstaff
Missiles
 d - 13 boomerangs (quivered)
 l - 28 poisoned darts
 A - 8 silver boomerangs
 H - 6 atropa-tipped darts
Armour
 c - a +1 pair of boots (worn)
 j - a +0 cloak (worn)
Jewellery
 a - an amulet of regeneration (around neck)
Wands
 f - a wand of enslavement (21)
 o - a wand of disintegration (7)
 t - a wand of flame (24)
 x - a wand of iceblast (10)
 G - a wand of random effects (15)
Scrolls
 h - 5 scrolls of amnesia
 i - 3 scrolls of teleportation
 m - 2 scrolls of fog
 y - 2 scrolls of remove curse
 B - a scroll of vulnerability {unknown}
 D - 2 scrolls of fear
 F - a scroll of identify
Potions
 e - 2 potions of cancellation
 g - 3 potions of curing
 k - 4 potions of lignification
 n - a potion of berserk rage
 r - 2 potions of might
 s - 4 potions of stabbing {unknown}
 u - 2 potions of flight {unknown}
 v - a potion of mutation
 w - 3 potions of invisibility {unknown}
 z - a potion of magic {unknown}
 E - 2 potions of heal wounds {unknown}
Comestibles
 b - 11 rations
 q - 4 chunks of flesh


   Skills:
 - Level 3.0 Fighting
   Level 0.1 Short Blades
 - Level 1.2 Staves
 - Level 3.9 Dodging
 - Level 3.2 Stealth
 - Level 8.9 Spellcasting
 - Level 10.4 Conjurations
 + Level 1.0 Charms
 - Level 9.5 Translocations
 + Level 1.1 Ice Magic


You had 14 spell levels left.
You knew the following spells:

 Your Spells              Type           Power        Failure   Level  Hunger
a - Magic Dart            Conj           ####         1%          1    None
b - Searing Ray           Conj           ######       1%          2    None
c - Iskenderun's Mystic   Conj/Tloc      ######..     2%          4    ###....
d - Frozen Ramparts       Ice            ###...       21%         3    None
e - Ozocubu's Armour      Chrm/Ice       ###.....     22%         3    None

Your spell library contained the following spells:

 Spells                   Type           Power        Failure   Level  Hunger
 Foxfire                  Conj/Fire      ####         1%          1    None
 Conjure Flame            Conj/Fire      #####...     4%          3    None
 Dazzling Flash           Conj/Hex       #####.       4%          3    None
 Freeze                   Ice            ###.         8%          1    None
 Hailstorm                Conj/Ice       #####...     11%         4    ###....
 Fulminant Prism          Conj/Hex       #####.....   13%         4    ###....
 Sticky Flame             Conj/Fire      #####...     13%         4    ###....
 Inner Flame              Hex/Fire       ##......     32%         3    None
 Fireball                 Conj/Fire      #####.....   34%         5    #####..
 Summon Ice Beast         Ice/Summ       ##......     61%         4    ###....


Dungeon Overview and Level Annotations

Branches:
Dungeon (11/15)            Temple (1/1) D:7            Lair (0/6) D:10
    Orc: D:9-12

Altars:
Ashenzari
Cheibriados
Dithmenos
Elyvilon
Fedhas
Gozag
Hepliaklqana
Kikubaaqudgha
Makhleb
Nemelex Xobeh
Okawaru
Qazlal
Ru
Sif Muna
Trog
Uskayaw
Vehumet
Wu Jian
Xom
Yredelemnul
Zin
The Shining One

Shops:
D:5 =   D:6 =

Annotations:
D:10 Urug


Innate Abilities, Weirdness & Mutations

You can breathe blasts of noxious fumes.
Your lurid green scales are hard. (AC +7)
You cannot fit into any form of body armour.
Your system is resistant to poisons. (rPois)
You are cold-blooded and may be slowed by cold attacks.
You have sharp fingernails.
Your mind is acute. (Int +2)
Your spells are a little harder to cast, but a little more powerful.


Message History

Urug closely misses you.
You barely miss Urug.
Urug is severely wounded.
Urug completely misses you.
You hit Urug.
Urug is severely wounded.
Urug hits you with a +2 eveningstar of protection!
Casting: Magic Dart (safe; 1% risk of failure)
Confirm with . or Enter, or press ? or * to list all spells.
Aiming: Magic Dart (safe; 1% risk of failure)
Press: ? - help, Shift-Dir - straight line, f/p - Urug
Aim: Urug, wielding a +2 eveningstar of protection and wearing a +0 scale mail (severely wounded)
The magic dart hits Urug but does no damage.
Urug is severely wounded.
Urug hits you with a +2 eveningstar of protection!
* * * LOW HITPOINT WARNING * * *
As you read the scroll of teleportation, it crumbles to dust.
You feel strangely unstable.
Urug hits you with a +2 eveningstar of protection!!
You die...

########..# #.####...##.##.## #
##.........# #.# #...>......# #
.....########################## #
.#.###...))[)..............
.#<..#..#..)...............
..)###..#..................
.()[......[................
...###.........##.......... ..##
#......(...@o.))...... ..#
#........(..).........
..###############################
..........# #.# #.........
#.........# #.# ##.###.###
#.....[.)<# #.# #.....#
......##.## #.# #######
#.######.# #.# ###### #.# #.# #.#
#.....


You could see Urug.

Vanquished Creatures
  An unseen horror (D:10)
  Pikel (D:4)
  3 centaur skeletons
  Maggie (D:8)
  A gargoyle (D:10)
  A troll (D:10)
  Prince Ribbit (D:6)
  A hippogriff (D:9)
  Sigmund (D:6)
  2 wyverns
  A human (D:7)
  3 hogs (D:7)
  A yak (D:7)
  A hungry ghost (D:9)
  Eustachio (D:6)
  3 phantoms
  A swamp drake (D:10)
  2 ice beasts
  10 orc warriors
  2 centaurs
  9 ogres
  A crocodile (D:10)
  6 bullfrogs
  A water moccasin zombie (D:8)
  A wyvern skeleton (D:10)
  4 wights (D:10)
  4 killer bees
  2 howler monkeys
  2 centaur zombies (D:8)
  8 crimson imps
  3 quasits
  6 hounds
  9 orc priests
  2 jellies
  6 orc wizards
  Crazy Yiuf (D:2)
  A bullfrog skeleton (D:6)
  An iguana (D:7)
  10 worker ants
  3 hound zombies
  2 worker ant zombies
  4 gnolls
  10 adders
  A shadow imp (D:7)
  An ooze (D:2)
  3 adder skeletons
  A worm (D:2)
  3 dart slugs (D:1)
  2 leopard geckos
  36 orcs
  5 giant cockroaches
  8 goblins
  7 hobgoblins
  3 jackals (D:6)
  5 quokkas
  11 bats
  3 frilled lizards
  9 kobolds
  A leopard gecko zombie (D:5)
  3 rats
  A spectral orc (D:7)
237 creatures vanquished.

Vanquished Creatures (others)
  A sky beast (D:10)
  A centaur skeleton (D:4)
  A hound (D:4)
3 creatures vanquished.

Grand Total: 240 creatures vanquished

Notes
Turn   | Place    | Note
-------+----------+-------------------------------------------
     0 | D:1      | hawla the Draconian Conjurer began the quest for the Orb.
     0 | D:1      | Reached XP level 1. HP: 14/14 MP: 3/3
   436 | D:1      | Reached XP level 2. HP: 12/20 MP: 0/5
  1163 | D:1      | Reached XP level 3. HP: 26/26 MP: 4/7
  1206 | D:1      | Learned a level 2 spell: Searing Ray
  1906 | D:2      | Found a bloodstained altar of Trog.
  1962 | D:2      | Found a faded altar of an unknown god.
  2234 | D:2      | Reached XP level 4. HP: 33/33 MP: 6/9
  2321 | D:2      | Learned a level 4 spell: Iskenderun's Mystic Blast
  2493 | D:2      | Found a runed translucent door.
  2494 | D:2      | Noticed Crazy Yiuf
  2523 | D:3      | Reached skill level 1 in Translocations
  2565 | D:3      | Reached XP level 5. HP: 38/38 MP: 0/11
  3044 | D:3      | Reached XP level 6. HP: 45/45 MP: 3/12
  3202 | D:3      | Found a burning altar of Makhleb.
  3203 | D:3      | Found a shimmering altar of Xom.
  3215 | D:3      | Found a glowing golden altar of the Shining One.
  3495 | D:4      | Gained mutation: Your spells are a little harder to cast,
                  | but a little more powerful. [potion of mutation]
  3495 | D:4      | Gained mutation: Your mind is acute. (Int +2) [potion of
                  | mutation]
  3495 | D:4      | Gained mutation: You have sharp fingernails. [potion of
                  | mutation]
  3498 | D:4      | Noticed Pikel
  3499 | D:4      | Noticed a slave
  3500 | D:4      | Noticed a slave
  3505 | D:4      | Noticed a slave
  3511 | D:4      | Noticed a slave
  3516 | D:4      | Killed Pikel
  3516 | D:4      | Your scales start taking on a lurid green colour.
  3516 | D:4      | Reached XP level 7. HP: 31/50 MP: 3/13
  3516 | D:4      | Gained mutation: Your system is resistant to poisons.
                  | (rPois) [Green Draconian growth]
  3844 | D:4      | Found a white marble altar of Elyvilon.
  4082 | D:4      | Found a shadowy altar of Dithmenos.
  4122 | D:4      | Reached skill level 5 in Conjurations
  4232 | D:4      | You fall into a shaft and drop 2 floors!
  4234 | D:6      | Reached XP level 8. HP: 57/57 MP: 12/15
  4237 | D:6      | Found Juibyacs's Jewellery Shoppe.
  4243 | D:5      | Entered Level 5 of the Dungeon
  4647 | D:5      | You fall into a shaft and drop 1 floor!
  4648 | D:6      | Noticed Eustachio
  5100 | D:5      | Found a blossoming altar of Fedhas.
  5159 | D:5      | Reached skill level 6 in Conjurations
  5228 | D:5      | Found a sparkling altar of Nemelex Xobeh.
  5724 | D:6      | Noticed Prince Ribbit
  5730 | D:6      | Killed Prince Ribbit
  5730 | D:6      | Reached skill level 7 in Conjurations
  5730 | D:6      | Reached XP level 9. HP: 62/62 MP: 2/16
  5781 | D:6      | Killed Eustachio
  5938 | D:6      | Noticed Sigmund
  5946 | D:6      | Killed Sigmund
  6279 | D:6      | Reached skill level 5 in Spellcasting
  6415 | D:6      | Reached skill level 8 in Conjurations
  6892 | D:2      | Killed Crazy Yiuf
  7173 | D:7      | Found a basalt altar of Yredelemnul.
  7235 | D:7      | Reached skill level 1 in Fighting
  7338 | D:7      | Found a staircase to the Ecumenical Temple.
  7349 | Temple   | Entered the Ecumenical Temple
  7840 | D:7      | Found an ornate altar of the Wu Jian Council.
  8111 | D:7      | Reached XP level 10. HP: 61/72 MP: 13/20
  8425 | D:8      | Noticed Maggie
  8439 | D:8      | Killed Maggie
  8439 | D:8      | Reached skill level 1 in Staves
  8439 | D:8      | Reached skill level 9 in Conjurations
  9807 | D:9      | Found a stormy altar of Qazlal.
 10145 | D:9      | Found a shadowy altar of Dithmenos.
 10171 | D:9      | Found an ancient bone altar of Kikubaaqudgha.
 10280 | D:9      | Found a snail-covered altar of Cheibriados.
 10647 | D:10     | Entered Level 10 of the Dungeon
 10659 | D:10     | Reached skill level 10 in Conjurations
 10667 | D:10     | Noticed a gargoyle
 10675 | D:10     | Killed a gargoyle
 10783 | D:10     | Found a staircase to the Lair.
 10795 | D:10     | Killed an unseen horror
 11064 | D:10     | Reached XP level 11. HP: 81/81 MP: 9/23
 11707 | D:10     | Noticed Urug
 12704 | Temple   | Became a worshipper of Vehumet
 12821 | D:10     | Learned a level 3 spell: Frozen Ramparts
 12825 | D:10     | Learned a level 3 spell: Ozocubu's Armour
 13094 | D:10     | Reached skill level 1 in Charms
 13094 | D:10     | Reached skill level 1 in Ice Magic
 13108 | D:10     | Slain by Urug

Illustrated notes

Levels and vault maps discovered:
D:1:      dpeg_arrival_shelter, layout_basic
D:2:      wander_river, layout_rooms, bloody_trog,
          chequers_ecumenical_altar_simple, uniq_crazy_yiuf_cottage
D:3:      layout_rooms, grunt_temple_overflow_champion_of_chaos,
          old_standard_altar
D:4:      layout_gridville, elyvilon_altar_3,
          nicolae_dithmenos_through_a_glass_darkly, uniq_pikel
D:5:      layout_loops_ring, nemelex_xobeh_ov_fountains_minmay,
          fedhas_bush_and_centaur_altar, first_ration
D:6:      layout_basic, serial_shops, nicolae_shop_statue_plus,
          item_on_display_a, uniq_eustachio, uniq_prince_ribbit1, uniq_sigmund
D:7:      layout_rooms, yredelemnul_forgotten_temple_becter,
          lemuel_coloured_pillars_altar, minmay_temple_entry_junction_2,
          grunt_livestock
D:8:      layout_rooms, minmay_misc_feat_five, uniq_maggie
D:9:      layout_roguey, cheibriados_altar_1, old_standard_altar,
          nicolae_overflow_crystal_walls, basic_altar, minmay_circle_x
D:10:     layout_loops_ring, lair_entry_dummy, erik_orc_1, uniq_urug
D:11:     layout_long_grid, serial_shops, shop, enter_trove_1,
          kennysheep_generic_room_2
Temple:   jpeg_temple_island

Skill      XL: |  1  2  3  4  5  6  7  8  9 10 11 |
---------------+----------------------------------+-----
Spellcasting   | 3 4 6 8 |  8.9
Translocations | 2 3 6 7 8 9 |  9.5
Conjurations   | 5 7 8 10 | 10.4
Dodging        | 2 3 |  3.9
Fighting       | 1 2 3 |  3.0
Stealth        | 2 3 |  3.2
Staves         | 1 |  1.2
Charms         | 1 |  1.0
Ice Magic      | 1 |  1.1
Short Blades   | |  0.1

Action                   |  1- 3 |  4- 6 |  7- 9 | 10-12 || total
-------------------------+-------+-------+-------+-------++-------
Melee: Unarmed           |    27 |       |       |       ||    27
       Tailslap          |     4 |     3 |     1 |     1 ||     9
       Dagger            |     7 |    30 |    21 |       ||    58
       Quarterstaff      |       |       |     3 |     8 ||    11
 Cast: Magic Dart        |    53 |    32 |    71 |   134 ||   290
       Searing Ray       |    11 |    14 |    63 |    84 ||   172
       Iskenderun's Myst |       |       |     9 |    23 ||    32
       Ozocubu's Armour  |       |       |       |     2 ||     2
       Frozen Ramparts   |       |       |       |     2 ||     2
  Use: Potion            |     1 |     1 |       |     1 ||     3
       Scroll            |     5 |     7 |     4 |     5 ||    21
  Eat: Chunk             |     4 |     4 |    12 |    10 ||    30
       Ration            |       |       |     1 |     3 ||     4
Armor: Skin              |    26 |    20 |    40 |    37 ||   123
Dodge: Dodged            |    52 |    43 |    59 |    91 ||   245
